ITL
BLUEVILLE 83'S @ OTSEGO BULLDOGS
07/22/2026
 
TOP OF THE 1ST
Blueville 83's batting - Pitching for Otsego Bulldogs : RHP Juan Moreno
Pitching: RHP Juan Moreno
Batting: RHB Earl Conrad 0-0: Ball
1-0: Ball
2-0: Called Strike
2-1: Ball
3-1: Base on Balls
Batting: RHB Juan Costello 0-0: Fielders Choice at 2nd, 6-4 (Groundball, 6)
Batting: RHB Naomichi Aoki 0-0: Ball
Juan Costello steals 2nd base
1-0: Ball
2-0: Ball
3-0: Base on Balls
Batting: RHB Gernot Renner 0-0: Called Strike
0-1: Grounds into double play, 1-6-3 (Groundball, 23)
Top of the 1st over - 0 run(s), 0 hit(s), 0 error(s), 1 left on base; Blueville 0 - Otsego 0
BOTTOM OF THE 1ST
Otsego Bulldogs batting - Pitching for Blueville 83's : LHP Carlos Thomas
Pitching: LHP Carlos Thomas
Batting: LHB Mario Cornelo 0-0: Called Strike
0-1: Ball
1-1: Foul Ball, location: 2F
1-2: Ball
2-2: Ground out 6-3 (Groundball, 6)
Batting: RHB Armando Cuevas 0-0: Ball
1-0: Fly out, F7 (Flyball, 78M)
Batting: LHB George Wood 0-0: Called Strike
0-1: Ball
1-1: SINGLE (Flyball, 7LS)
Batting: RHB Cristo García 0-0: Ball
1-0: Called Strike
1-1: Ball
2-1: Ball
3-1: Base on Balls
George Wood to second
Batting: RHB Jim Beck 0-0: Called Strike
0-1: Ball
1-1: SINGLE (Groundball, 6MD)
George Wood to third
Cristo García to second
Runner from 3rd tries for Home, SAFE, no throw or cutoff
Batting: RHB Juan Pérez 0-0: Ground out 5-3 (Groundball, 5)
Bottom of the 1st over - 1 run(s), 2 hit(s), 0 error(s), 2 left on base; Blueville 0 - Otsego 1
TOP OF THE 2ND
Blueville 83's batting - Pitching for Otsego Bulldogs : RHP Juan Moreno
Batting: RHB Bryce Hester 0-0: Called Strike
0-1: Ball
1-1: Swinging Strike
1-2: Ball
2-2: Ball
3-2: Foul Ball, location: 2F
3-2: Strikes out swinging
Batting: RHB Matt Perkins 0-0: Foul Ball, location: 2F
0-1: Swinging Strike
0-2: Foul Ball, location: 2F
0-2: Ball
1-2: Ball
2-2: Foul Ball, location: 2F
2-2: Strikes out swinging
Batting: LHB Júlio Velásquez 0-0: Ball
1-0: Called Strike
1-1: Swinging Strike
1-2: Foul Ball, location: 2F
1-2: Foul Ball, location: 2F
1-2: Ball
2-2: Ground out 4-3 (Groundball, 4M)
Top of the 2nd over - 0 run(s), 0 hit(s), 0 error(s), 0 left on base; Blueville 0 - Otsego 1
BOTTOM OF THE 2ND
Otsego Bulldogs batting - Pitching for Blueville 83's : LHP Carlos Thomas
Batting: RHB Kyung-bok Cho 0-0: Ball
1-0: Ball
2-0: SINGLE (Line Drive, 89S)
Batting: RHB Felipe Rego 0-0: Ball
1-0: Ball
2-0: Ball
3-0: Base on Balls
Kyung-bok Cho to second
Batting: LHB Martin Davis 0-0: Fly out, F8 (Flyball, 8LS)
Batting: LHB Mario Cornelo 0-0: Swinging Strike
0-1: Foul Ball, location: 2F
0-2: Strikes out swinging
Batting: RHB Armando Cuevas 0-0: Foul Ball, location: 2F
0-1: Ball
1-1: Called Strike
1-2: Ground out 4-3 (Groundball, 4)
Bottom of the 2nd over - 0 run(s), 1 hit(s), 0 error(s), 2 left on base; Blueville 0 - Otsego 1
TOP OF THE 3RD
Blueville 83's batting - Pitching for Otsego Bulldogs : RHP Juan Moreno
Batting: LHB Cristóbal Cintrón 0-0: Called Strike
0-1: Foul Ball, location: 2F
0-2: Ball
1-2: Ball
2-2: Ball
3-2: Foul Ball, location: 2F
3-2: Foul Ball, location: 2F
3-2: Base on Balls
Batting: LHB Robbie McLaughlin 0-0: Foul Ball, location: 2F
0-1: Ball
1-1: Fly out, F3 (Popup, 23F)
Batting: RHB Earl Conrad 0-0: Ball
1-0: Foul Ball, location: 2F
1-1: Ball
2-1: Ball
3-1: Base on Balls
Cristóbal Cintrón to second
Batting: RHB Juan Costello 0-0: Called Strike
0-1: Called Strike
0-2: Strikes out looking
Batting: RHB Naomichi Aoki 0-0: Called Strike
0-1: Fly out, F9 (Flyball, 89S)
Top of the 3rd over - 0 run(s), 0 hit(s), 0 error(s), 2 left on base; Blueville 0 - Otsego 1
BOTTOM OF THE 3RD
Otsego Bulldogs batting - Pitching for Blueville 83's : LHP Carlos Thomas
Batting: LHB George Wood 0-0: Fly out, F7 (Flyball, 7M)
Batting: RHB Cristo García 0-0: Called Strike
0-1: Swinging Strike
0-2: Ground out 6-3 (Groundball, 6)
Batting: RHB Jim Beck 0-0: SINGLE (Groundball, 34D)
Batting: RHB Juan Pérez 0-0: Ground out 1-3 (Groundball, 25)
Bottom of the 3rd over - 0 run(s), 1 hit(s), 0 error(s), 1 left on base; Blueville 0 - Otsego 1
TOP OF THE 4TH
Blueville 83's batting - Pitching for Otsego Bulldogs : RHP Juan Moreno
Batting: RHB Gernot Renner 0-0: Called Strike
0-1: Ball
1-1: Foul Ball, location: 2F
1-2: Ball
2-2: Foul Ball, location: 2F
2-2: Foul Ball, location: 2F
2-2: Strikes out swinging
Batting: RHB Bryce Hester 0-0: Called Strike
0-1: Ball
1-1: Foul Ball, location: 2F
1-2: Ball
2-2: Strikes out swinging
Batting: RHB Matt Perkins 0-0: Ball
1-0: Ground out 6-3 (Groundball, 6D)
Top of the 4th over - 0 run(s), 0 hit(s), 0 error(s), 0 left on base; Blueville 0 - Otsego 1
BOTTOM OF THE 4TH
Otsego Bulldogs batting - Pitching for Blueville 83's : LHP Carlos Thomas
Batting: RHB Kyung-bok Cho 0-0: Bunt for hit - play at first, batter OUT! 3-4
Batting: RHB Felipe Rego 0-0: Ball
1-0: Foul Ball, location: 2F
1-1: Ground out 6-3 (Groundball, 6)
Batting: LHB Martin Davis 0-0: Ball
1-0: DOUBLE (Line Drive, 78D)
Batting: LHB Mario Cornelo 0-0: Ball
Passed Ball!
Martin Davis to third
1-0: Ground out 3-1 (Groundball, 3)
Bottom of the 4th over - 0 run(s), 1 hit(s), 0 error(s), 1 left on base; Blueville 0 - Otsego 1
TOP OF THE 5TH
Blueville 83's batting - Pitching for Otsego Bulldogs : RHP Juan Moreno
Batting: LHB Júlio Velásquez 0-0: Ground out 4-3 (Groundball, 4)
Batting: LHB Cristóbal Cintrón 0-0: Swinging Strike
0-1: Ball
1-1: Ball
2-1: Ball
3-1: Base on Balls
Batting: LHB Robbie McLaughlin 0-0: Ball
1-0: Grounds into double play, 6-4-3 (Groundball, 6)
Top of the 5th over - 0 run(s), 0 hit(s), 0 error(s), 0 left on base; Blueville 0 - Otsego 1
BOTTOM OF THE 5TH
Otsego Bulldogs batting - Pitching for Blueville 83's : LHP Carlos Thomas
Batting: RHB Armando Cuevas 0-0: Ball
1-0: Fly out, F9 (Flyball, 9M)
Batting: LHB George Wood 0-0: Called Strike
0-1: Ground out 3-1 (Groundball, 34S)
Batting: RHB Cristo García 0-0: Fly out, F6 (Popup, 6D)
Bottom of the 5th over - 0 run(s), 0 hit(s), 0 error(s), 0 left on base; Blueville 0 - Otsego 1
TOP OF THE 6TH
Blueville 83's batting - Pitching for Otsego Bulldogs : RHP Juan Moreno
Batting: RHB Earl Conrad 0-0: Called Strike
0-1: Ball
1-1: Called Strike
1-2: Strikes out swinging
Batting: RHB Juan Costello 0-0: Ball
1-0: Ball
2-0: Called Strike
2-1: Foul Ball, location: 2F
2-2: Strikes out swinging
Batting: RHB Naomichi Aoki 0-0: Ball
1-0: Called Strike
1-1: Foul Ball, location: 2F
1-2: Foul Ball, location: 2F
1-2: Strikes out swinging
Top of the 6th over - 0 run(s), 0 hit(s), 0 error(s), 0 left on base; Blueville 0 - Otsego 1
BOTTOM OF THE 6TH
Otsego Bulldogs batting - Pitching for Blueville 83's : LHP Carlos Thomas
Batting: RHB Jim Beck 0-0: Called Strike
0-1: Foul Ball, location: 2F
0-2: Foul Ball, location: 2F
0-2: Hit by Pitch
Batting: RHB Juan Pérez 0-0: Fly out, F7 (Flyball, 78M)
Batting: RHB Kyung-bok Cho 0-0: Called Strike
0-1: Foul Ball, location: 2F
0-2: Strikes out swinging
Batting: RHB Felipe Rego 0-0: Ball
1-0: Foul Ball, location: 2F
1-1: Foul Ball, location: 2F
1-2: Ball
2-2: Foul Ball, location: 2F
2-2: Ball
3-2: SINGLE (Flyball, 89S)
Jim Beck to second
Jim Beck to third
Batting: LHB Martin Davis 0-0: Called Strike
0-1: Ball
1-1: Ball
2-1: Foul Ball, location: 2F
2-2: Foul Ball, location: 2F
2-2: Ball
3-2: Strikes out swinging
Bottom of the 6th over - 0 run(s), 1 hit(s), 0 error(s), 2 left on base; Blueville 0 - Otsego 1
TOP OF THE 7TH
Blueville 83's batting - Pitching for Otsego Bulldogs : RHP Juan Moreno
Batting: RHB Gernot Renner 0-0: Called Strike
0-1: Foul Ball, location: 2F
0-2: Foul Ball, location: 2F
0-2: Ball
1-2: Foul Ball, location: 2F
1-2: Foul Ball, location: 2F
1-2: Ground out 5-3 (Groundball, 5)
Batting: RHB Bryce Hester 0-0: Called Strike
0-1: Ball
1-1: SINGLE (Groundball, 5S) (infield hit)
Pitching: RHP Manny Benavides
Pinch Hitting: LHB Jacob Wright 0-0: Called Strike
0-1: SINGLE (Flyball, 78S)
Bryce Hester to second
Pinch Hitting: LHB Ricardo Romero 0-0: DOUBLE (Line Drive, 7LM)
Bryce Hester scores
Jacob Wright to third
Runner from 3rd tries for Home, SAFE, throw made home
Batting: LHB Cristóbal Cintrón 0-0: Ball
1-0: 2-RUN HOME RUN (Flyball, 9LD), Distance : 356 ft
Pitching: LHP Henry Barton
Batting: LHB Robbie McLaughlin 0-0: Ball
1-0: Foul Ball, location: 2F
1-1: Ball
2-1: Swinging Strike
2-2: Ball
3-2: Fly out, F8 (Popup, 6MD)
Batting: RHB Earl Conrad 0-0: Foul Ball, location: 2F
0-1: Ball
1-1: Swinging Strike
1-2: Ball
2-2: Fly out, F3 (Popup, 3SF)
Top of the 7th over - 4 run(s), 4 hit(s), 0 error(s), 0 left on base; Blueville 4 - Otsego 1
BOTTOM OF THE 7TH
Otsego Bulldogs batting - Pitching for Blueville 83's : LHP Carlos Thomas
Now at 3B: Ricardo Romero
Now in RF: José Estrada
Batting: LHB Mario Cornelo 0-0: Swinging Strike
0-1: Fly out, F9 (Flyball, 9S)
Batting: RHB Armando Cuevas 0-0: Ball
1-0: Foul Ball, location: 2F
1-1: Ball
2-1: Ball
3-1: Ground out 6-3 (Groundball, 6)
Batting: LHB George Wood 0-0: Ball
1-0: Ball
2-0: Foul Ball, location: 2F
2-1: Ball
3-1: Called Strike
3-2: Ground out 4-3 (Groundball, 4)
Bottom of the 7th over - 0 run(s), 0 hit(s), 0 error(s), 0 left on base; Blueville 4 - Otsego 1
TOP OF THE 8TH
Blueville 83's batting - Pitching for Otsego Bulldogs : LHP Henry Barton
Batting: RHB Juan Costello 0-0: Called Strike
0-1: Ball
1-1: Foul Ball, location: 2F
1-2: Ground out 6-3 (Groundball, 6)
Batting: RHB Naomichi Aoki 0-0: Called Strike
0-1: Ground out 6-3 (Groundball, 6M)
Batting: RHB Gernot Renner 0-0: Called Strike
0-1: Ball
1-1: Ball
2-1: Ball
3-1: Base on Balls
Batting: RHB Bryce Hester 0-0: Fly out, F9 (Flyball, 9M)
Top of the 8th over - 0 run(s), 0 hit(s), 0 error(s), 1 left on base; Blueville 4 - Otsego 1
BOTTOM OF THE 8TH
Otsego Bulldogs batting - Pitching for Blueville 83's : LHP Carlos Thomas
Pitching: RHP Félix Medina
Batting: RHB Cristo García 0-0: Ball
1-0: Swinging Strike
1-1: Ground out 3-1 (Groundball, 34)
Batting: RHB Jim Beck 0-0: Called Strike
0-1: Called Strike
0-2: DOUBLE (Line Drive, 7LS)
Pitching: RHP Félix Rivera
Batting: RHB Juan Pérez 0-0: Ball
1-0: Called Strike
1-1: Ball
2-1: Ball
3-1: Base on Balls
Batting: RHB Kyung-bok Cho 0-0: Grounds into double play, 4-6-3 (Groundball, 4)
Bottom of the 8th over - 0 run(s), 1 hit(s), 0 error(s), 1 left on base; Blueville 4 - Otsego 1
TOP OF THE 9TH
Blueville 83's batting - Pitching for Otsego Bulldogs : LHP Henry Barton
Batting: RHB José Estrada 0-0: Ball
1-0: Called Strike
1-1: Called Strike
1-2: SOLO HOME RUN (Flyball, 89XD), Distance : 397 ft
Batting: LHB Ricardo Romero 0-0: Ground out 6-3 (Groundball, 6M)
Batting: LHB Cristóbal Cintrón 0-0: Foul Ball, location: 2F
0-1: Foul Ball, location: 2F
0-2: Ball
1-2: Ball
2-2: Ground out 5-3 (Groundball, 56)
Batting: LHB Robbie McLaughlin 0-0: Called Strike
0-1: Foul Ball, location: 2F
0-2: Ball
1-2: Ball
2-2: Foul Ball, location: 2F
2-2: Foul Ball, location: 2F
2-2: Ball
3-2: SINGLE (Groundball, 5D)
Batting: RHB Earl Conrad 0-0: Called Strike
0-1: Ball
1-1: Ground out 2-3 (Groundball, 2L)
Top of the 9th over - 1 run(s), 2 hit(s), 0 error(s), 1 left on base; Blueville 5 - Otsego 1
BOTTOM OF THE 9TH
Otsego Bulldogs batting - Pitching for Blueville 83's : RHP Félix Rivera
Batting: RHB Felipe Rego 0-0: SINGLE (Line Drive, 56D)
Batting: LHB Martin Davis 0-0: Ball
1-0: Fly out, F8 (Flyball, 8RXD)
Batting: LHB Mario Cornelo 0-0: Swinging Strike
0-1: Ball
1-1: SINGLE (Line Drive, 6MD)
Felipe Rego to second
Pitching: RHP Cody White
Batting: RHB Armando Cuevas 0-0: Ball
1-0: Foul Ball, location: 2F
1-1: Ball
2-1: Ball
3-1: Grounds into double play, U6-3 (Groundball, 6M)
Bottom of the 9th over - 0 run(s), 2 hit(s), 0 error(s), 1 left on base; Blueville 5 - Otsego 1
Monday, December 5th, 2016 - OOTP Baseball 17.12 Build 75